 Dungeon Crawl Stone Soup version 0.17-a0-1778-gd369669 (webtiles) character file.

2543 Medar the Changer (level 9, -4/70 HPs)
             Began as an Octopode Transmuter on Sept 8, 2015.
             Was a Believer of Vehumet.
             Splashed by a jelly's acid (12 damage)
             ... on level 8 of the Dungeon.
             The game lasted 00:34:08 (7211 turns).

Medar the Changer (Octopode Transmuter)             Turns: 7211, Time: 00:34:08

Health: -4/70      AC: -1    Str:  9    XL:     9   Next: 55%
Magic:  13/13      EV: 10    Int: 18    God:    Vehumet [**....]
Gold:   155        SH:  0    Dex: 13    Spells: 6 memorised, 1 level left

rFire  x . .     SeeInvis .       - Unarmed
rCold  + + +     Clarity  .     (shield currently unavailable)
rNeg   . . .     SustAt   .     (helmet currently unavailable)
rPois  +         Gourm    .     h - amulet of regeneration
rElec  .         Spirit   .     d - ring of protection from cold
rCorr  .         Warding  .     (no ring)
rMut   .         Stasis   .     (no ring)
MR     .....                    (no ring)
Stlth  ++........               (no ring)
                                (no ring)
                                (no ring)
                                (no ring)

@: lethally poisoned (-4 -> -4), ice-form, corroded equipment, not resistant to
hostile enchantments, unstealthy
A: almost no armour, amphibious, 8 rings, (constrict 8), (camouflage 0), blurry
vision 1, mutation resistance 1, robust 1, (gelatinous body 0)
a: End Transformation, Renounce Religion


You were on level 8 of the Dungeon.
You worshipped Vehumet.
Vehumet was pleased with you.
You were not hungry.
You were a creature of crystalline ice.
You visited 2 branches of the dungeon, and saw 10 of its levels.
You also visited: Ossuary.

You collected 492 gold pieces.
You spent 337 gold pieces at shops.

Inventory:

Missiles
 a - 36 arrows
 q - a throwing net {=f =F}
 x - 10 poisoned needles
 y - 5 needles of sleeping
 z - 4 tomahawks (quivered)
 A - 4 poisoned tomahawks
 G - 6 needles of slowing
Armour
 D - a +0 buckler (melded)
Jewellery
 d - a ring of protection from cold (left front paw)
 h - an amulet of regeneration (around neck)
Magical devices
 f - a wand of disintegration (16)
 C - a wand of teleportation (0)
 F - a wand of magic darts (26)
Scrolls
 e - 2 scrolls of teleportation {unknown}
 m - 2 scrolls of immolation
 n - 4 scrolls of remove curse {@r1}
 p - 2 scrolls of fog
 r - a scroll of enchant armour
 u - a scroll of recharging
 v - a scroll of blinking
 w - a scroll of summoning
 B - 3 scrolls of amnesia
 J - a scroll of vulnerability {unknown}
Potions
 i - a potion of flight
 k - 2 potions of invisibility
 l - 5 potions of curing {@q1}
 o - 2 potions of brilliance
 s - a potion of haste {unknown}
 t - a potion of ambrosia
 E - 2 potions of resistance {unknown}
 H - 2 potions of lignification {unknown}
Books
 b - a book of Changes

   Spells                             Type                      Level
   a - Beastly Appendage              Transmutation                1
   b - Sticks to Snakes               Transmutation                2
   c - Spider Form                    Transmutation/Poison         3
   d - Ice Form                       Ice/Transmutation            4
   e - Blade Hands                    Transmutation                5
Comestibles
 c - 7 bread rations {@e1}
 j - 2 meat rations {@e2}
 I - a chunk of flesh
 K - a slice of pizza


   Skills:
 - Level 1.8 Fighting
 - Level 2.5 Dodging
 - Level 2.2 Stealth
 - Level 5.7 Shields
 - Level 5.5 Unarmed Combat
 - Level 3.2 Spellcasting
 + Level 4.9 Conjurations
 - Level 6.2 Transmutations
 - Level 2.0 Fire Magic
 - Level 3.6 Ice Magic
 - Level 2.0 Poison Magic


You had one spell level left.
You knew the following spells:

 Your Spells              Type           Power        Failure   Level  Hunger
c - Flame Tongue          Conj/Fire      ###..        4%          1    None
d - Sticks to Snakes      Trmt           ####......   1%          2    ##.....
f - Spider Form           Trmt/Pois      ###.......   12%         3    ###....
g - Ice Form              Ice/Trmt       ###.....     24%         4    ####...
s - Beastly Appendage     Trmt           ####..       1%          1    None
x - Throw Frost           Conj/Ice       ###...       4%          2    ##.....


Dungeon Overview and Level Annotations

Branches:
Dungeon (9/15)             Temple (1/1) D:5
   Lair: D:8-11         Orc: D:9-12

Altars:
Cheibriados
Dithmenos
Elyvilon
Fedhas
Gozag
Makhleb
Nemelex Xobeh
Okawaru
Qazlal
Ru
Sif Muna
Trog
Vehumet
Yredelemnul
Zin
The Shining One

Shops:
D:6 [*

Annotations:
D:2 Sigmund
D:7 exclusion: hippogriff
D:8 Erica
D:9 exclusions: electric eel and orc wizard


Innate Abilities, Weirdness & Mutations

You cannot wear most types of armour.
You are amphibious.
You can wear up to eight rings at the same time.
((You can use your tentacles to constrict eight enemies at once.))
((Your skin changes colour to match your surroundings (Stealth).))
((Your rubbery body absorbs attacks (AC +1).))
Scrolls take you a little longer to read.
You are somewhat resistant to further mutation.
You are robust (+10% HP).


Message History

The jelly barely misses you.
You hit the scorpion. You freeze the scorpion.
You kill the scorpion!
Vehumet accepts your kill.
You feel your power returning.
You feel sick.
You punch the jelly! You freeze the jelly.
Your front paws burn!
* * * LOW HITPOINT WARNING * * *
The jelly is heavily wounded.
You feel sick. The jelly hits you but does no damage.
You hit the jelly. You freeze the jelly.
Your front paws burn!
* * * LOW HITPOINT WARNING * * *
The jelly is heavily wounded.
The jelly hits you.
* * * LOW HITPOINT WARNING * * *
You are splashed with acid!
The acid burns!
* * * LOW HITPOINT WARNING * * *
You feel sick. The jelly hits you.
* * * LOW HITPOINT WARNING * * *
You are splashed with acid!
The acid corrodes you!
The acid burns!
You die...

*,,,,,,,,,,,*
*,********#.# *,* #.#
###,* #.# #<#,* #.#
#s#,* #[# ####.#,*
#.# .....#,* #†#
####.#.#########Y#
...........(>..J.#
.....#.J..##.#####
...#.#....##.#
....<#.......###*****
...#.#.........,,,,,*
..,#.#.......##****,*
..,#.#........#####,*
.,,#.@...$........#,*


You could see a jelly.

Vanquished Creatures
  A spriggan (D:7)
  A phantom (D:8)
  2 black bears
  An ogre (D:7)
  3 elf zombies (Ossuary)
  4 giant frogs
  2 scorpions (D:8)
  A giant frog zombie (D:5)
  2 crimson imps
  An orc priest (D:4)
  4 hounds
  2 iguanas
  2 human zombies (Ossuary)
  3 jellies
  6 orc wizards
  8 worker ants
  2 big kobold zombies (Ossuary)
  2 hound skeletons
  2 mummies (Ossuary)
  2 worker ant zombies (D:6)
  A gnoll (D:8)
  11 adders
  A shadow imp (D:5)
  An adder zombie (D:8)
  An adder skeleton (D:4)
  A worm (D:4)
  4 giant geckos
  25 orcs
  9 giant cockroaches
  18 goblins
  14 hobgoblins
  2 quokkas
  A ball python skeleton (D:5)
  7 bats
  A giant cockroach zombie (D:5)
  2 giant gecko skeletons (D:4)
  4 giant newts
  A goblin zombie (Ossuary)
  11 hobgoblin zombies (Ossuary)
  5 jackals
  A jackal skeleton (D:5)
  2 jackal zombies (Ossuary)
  9 kobolds
  7 kobold zombies (Ossuary)
  3 orc zombies (Ossuary)
  A quokka skeleton (D:4)
  6 rats
200 creatures vanquished.

Vanquished Creatures (collateral kills)
  2 ogres (D:6)
  A giant frog (D:7)
  A scorpion (D:4)
  An orc priest (D:7)
  A giant frog skeleton (D:4)
  A worker ant (D:5)
  An orc wizard (D:7)
  2 adders
  An ooze (D:6)
  A giant gecko (D:8)
  An orc (D:7)
  A jackal (D:6)
  A quokka (D:8)
  A giant cockroach (D:6)
  A giant newt (D:2)
  A hobgoblin zombie (Ossuary)
  A jackal skeleton (D:4)
  2 kobolds
  2 kobold zombies (Ossuary)
  3 orc zombies (Ossuary)
26 creatures vanquished.

Vanquished Creatures (others)
  A quokka (D:6)
1 creature vanquished.

Grand Total: 227 creatures vanquished

Notes
Turn   | Place    | Note
--------------------------------------------------------------
     0 | D:1      | Medar the Octopode Transmuter began the quest for the Orb.
     0 | D:1      | Reached XP level 1. HP: 13/13 MP: 3/3
   264 | D:1      | Reached XP level 2. HP: 15/18 MP: 3/5
   368 | D:1      | Learned a level 2 spell: Sticks to Snakes
   588 | D:1      | Reached skill level 4 in Unarmed Combat
   704 | D:2      | Reached XP level 3. HP: 20/23 MP: 4/6
   903 | D:2      | Reached XP level 4. HP: 24/28 MP: 0/7
   934 | D:2      | Learned a level 3 spell: Spider Form
  1172 | D:2      | Noticed Sigmund
  1472 | D:3      | Found an opulent altar of Gozag.
  2024 | D:3      | Found a glowing golden altar of the Shining One.
  2358 | D:4      | Reached skill level 1 in Poison Magic
  2358 | D:4      | Reached XP level 5. HP: 17/33 MP: 6/8
  2850 | D:4      | Reached skill level 5 in Unarmed Combat
  2885 | D:4      | Reached XP level 6. HP: 29/38 MP: 2/9
  3126 | D:4      | Reached skill level 1 in Stealth
  3440 | D:4      | Reached XP level 7. HP: 33/44 MP: 7/10
  3494 | D:5      | Entered Level 5 of the Dungeon
  3543 | D:5      | Found a staircase to the Ecumenical Temple.
  3549 | Temple   | Entered the Ecumenical Temple
  3678 | Temple   | Became a worshipper of Vehumet
  3958 | D:5      | Learned a level 4 spell: Ice Form
  4125 | D:5      | Reached skill level 1 in Ice Magic
  4243 | D:5      | Reached skill level 5 in Transmutations
  4759 | D:6      | Found Keulyut's General Store.
  4794 | D:6      | Bought a wand of teleportation (2) for 234 gold pieces
  4823 | D:6      | Found Ybrisiw's Antique Armour Emporium.
  4832 | D:6      | Bought a buckler for 103 gold pieces
  4864 | D:6      | Found a sparkling altar of Nemelex Xobeh.
  4911 | D:6      | Acquired Vehumet's first power
  4911 | D:6      | Offered knowledge of Flame Tongue by Vehumet.
  4911 | D:6      | Reached skill level 1 in Shields
  4911 | D:6      | Reached XP level 8. HP: 36/50 MP: 6/11
  4914 | D:6      | Learned a level 1 spell: Flame Tongue
  4989 | D:6      | Found a white marble altar of Elyvilon.
  5072 | D:6      | Gained mutation: You are somewhat resistant to further mutation. [potion of mutation]
  5073 | D:6      | Gained mutation: Scrolls take you a little longer to read. [potion of mutation]
  5074 | D:6      | Gained mutation: You are robust (+10% HP). [potion of mutation]
  5238 | D:7      | Found a sacrificial altar of Ru.
  5754 | D:7      | Reached skill level 5 in Shields
  6039 | D:7      | Reached skill level 1 in Conjurations
  6039 | D:7      | Reached skill level 1 in Fire Magic
  6210 | D:8      | Reached skill level 6 in Transmutations
  6241 | D:8      | Found a glowing silver altar of Zin.
  6241 | D:8      | Found a burning altar of Makhleb.
  6242 | D:8      | Noticed a blizzard demon
  6242 | D:8      | Noticed an angel
  6328 | D:8      | Noticed Erica
  6375 | D:8      | Reached XP level 9. HP: 57/59 MP: 12/12
  6406 | D:8      | Found a sand-covered staircase.
  6414 | Ossuary  | Entered an ossuary
  6462 | Ossuary  | Offered knowledge of Throw Flame by Vehumet.
  6657 | Ossuary  | Offered knowledge of Throw Frost by Vehumet.
  6674 | Ossuary  | Learned a level 2 spell: Throw Frost
  6967 | D:9      | Found a burning altar of Makhleb.
  7211 | D:8      | Splashed by a jelly's acid

Vault maps used:
D:1:      dpeg_arrival_rooms_a
D:2:      first_bread, patterned_corridor, uniq_sigmund
D:3:      nicolae_tso_swordbearing_angel, grunt_gozag_statues,
          kennysheep_nondescript
D:4:      kennysheep_the_goblin_king
D:5:      minmay_temple_entry_fiery
D:6:      elyvilon_altar_4, serial_shops, shop, nicolae_shop_stone,
          nemelex_dance_club_becter
D:7:      nicolae_ru_great_annihilating_truth, the_bakery
D:8:      grunt_temple_overflow_order_and_chaos_2,
          lightli_ossuary_entry_decrepit_ruins, uniq_erica
D:9:      erik_orc_2, basic_altar
Temple:   nicolae_temple_figure_eight
Ossuary:  ossuary_tomb_1

Action                   |  1- 3 |  4- 6 |  7- 9 || total
-------------------------+-------+-------+-------++-------
Melee: Unarmed           |    83 |   155 |   394 ||   632
Throw: Tomahawk          |       |       |     1 ||     1
       Throwing net      |       |       |     1 ||     1
 Cast: Beastly Appendage |    18 |    13 |    24 ||    55
       Sticks to Snakes  |     6 |     6 |    39 ||    51
       Spider Form       |       |     8 |     7 ||    15
       Flame Tongue      |       |       |     1 ||     1
       Ice Form          |       |       |     5 ||     5
       Throw Frost       |       |       |     4 ||     4
 Abil: End Transformatio |       |       |     1 ||     1
Evoke: Wand              |       |       |     3 ||     3
  Use: Scroll            |     2 |    10 |    11 ||    23
       Potion            |     1 |       |     8 ||     9
 Stab: Sleeping          |     2 |     8 |     9 ||    19
       Distracted        |       |       |     3 ||     3
       Invisible         |       |       |     1 ||     1
       Paralysed         |       |       |     1 ||     1
  Eat: Chunk             |     1 |    11 |    13 ||    25
       Beef jerky        |       |       |     1 ||     1
       Royal jelly       |       |       |     1 ||     1
       Meat ration       |       |       |     1 ||     1
